 Dungeon Crawl Stone Soup version 0.20-a0-1017-gc3250ce (webtiles) character file.

50 4thArraOfDagon the Firebug (level 3, 0/24 HPs)
             Began as a Barachi Fire Elementalist on Apr 16, 2017.
             Slain by a howler monkey (7 damage)
             ... on level 4 of the Dungeon.
             The game lasted 00:02:33 (557 turns).

4thArraOfDagon the Firebug (BaFE)                    Turns: 557, Time: 00:02:33

Health: 0/24       AC:  2    Str:  9    XL:     3   Next: 79%
Magic:  0/6        EV: 12    Int: 16    God:
Gold:   49         SH:  0    Dex: 12    Spells: 3/7 levels left

rFire    . . .     SeeInvis .   g - -1 club (curse)
rCold    . . .     Gourm    .   (no shield)
rNeg     . . .     Faith    .   a - +0 robe
rPois    .         Spirit   .   (no helmet)
rElec    .         Reflect  .   (no cloak)
rCorr    .         Harm     .   (no gloves)
MR       .....                  (no boots)
Stlth    ++........             (no amulet)
Regen    0.1/turn               (no ring)
MPRegen  0.1/turn               (no ring)

@: slow
A: +LOS, swims, slowness 1, strong legs 1
a: Hop


You were on level 4 of the Dungeon.
You were not hungry.

You visited 1 branch of the dungeon, and saw 4 of its levels.

You collected 49 gold pieces.

Inventory:

Hand Weapons
 g - a cursed -1 club (weapon)
Armour
 a - a +0 robe (worn)
Wands
 h - a wand of random effects (7/48)
Scrolls
 d - a scroll of fear {unknown}
 e - a scroll of remove curse {unknown}
Books
 b - a book of Flames

   Spells                             Type                      Level
   a - Flame Tongue                   Conjuration/Fire             1
   b - Throw Flame                    Conjuration/Fire             2
   c - Conjure Flame                  Conjuration/Fire             3
   d - Inner Flame                    Hexes/Fire                   3
   e - Sticky Flame                   Conjuration/Fire             4
   f - Fireball                       Conjuration/Fire             5
Comestibles
 c - a bread ration


   Skills:
 - Level 2.1 Dodging
 - Level 1.7 Stealth
 + Level 2.5 Spellcasting
 * Level 2.2 Conjurations
 * Level 4.2 Fire Magic


You had 3 spell levels left.
You knew the following spells:

 Your Spells              Type           Power        Failure   Level  Hunger
a - Flame Tongue          Conj/Fire      ##...        8%          1    #......
b - Conjure Flame         Conj/Fire      ##......     17%         3    ###....


Dungeon Overview and Level Annotations

Branches:
Dungeon (4/15)
 Temple: D:4-7

Altars:
Wu Jian


Innate Abilities, Weirdness & Mutations

Shadows flee at your approach. (+LOS)
You can swim through water.
You cover ground slowly.
You can hop short distances.


Message History

Aim: a howler monkey (severely wounded, catching its breath)
The flame tongue hits the howler monkey.
The howler monkey is almost dead.
The howler monkey hits you.
* * * LOW HITPOINT WARNING * * *
Unknown command.
Casting: Flame Tongue
Confirm with . or Enter, or press ? or * to list all spells.
Aiming: Flame Tongue
Press: ? - help, Shift-Dir - straight line, f/p - howler monkey
Aim: a howler monkey (almost dead)
The flame tongue misses the howler monkey.
The howler monkey closely misses you.
Unknown command.
Unknown command.
It was a potion of curing.
You feel better. The howler monkey misses you.
The howler monkey hoots and howls with incredible vigour!
Unknown command.
The howler monkey hits you!
You die...

# #..).=.......#
#.###...###.###.#
.............# #
##........#.#
#.....####.#
#.......##.#
####.##h##.#
#.#...#h#
#ยง#.###@# #.#a#
#.# #.#<# #.#
#.#.# #.# #...#
#.# ###.# #.# ###
#.. ###


You could see a howler monkey.

Vanquished Creatures
  A hound (D:3)
  An ooze (D:3)
  A dart slug (D:2)
  A leopard gecko (D:2)
  3 giant cockroaches
  4 hobgoblins
  A bat (D:3)
  2 frilled lizards
  A rat (D:2)
15 creatures vanquished.

Notes
Turn   | Place    | Note
-------+----------+-------------------------------------------
     0 | D:1      | 4thArraOfDagon the Barachi Fire Elementalist began the quest for the Orb.
     0 | D:1      | Reached XP level 1. HP: 13/13 MP: 3/3
   262 | D:2      | Reached XP level 2. HP: 14/19 MP: 3/5
   265 | D:2      | Found an ornate altar of the Wu Jian Council.
   426 | D:3      | Reached skill level 4 in Fire Magic
   426 | D:3      | Reached XP level 3. HP: 15/24 MP: 0/6
   431 | D:3      | Learned a level 3 spell: Conjure Flame
   553 | D:4      | HP: 1/24 [howler monkey (1)]
   557 | D:4      | Slain by a howler monkey

Vault maps used:
D:1:      dpeg_arrival_pond
D:2:      nicolae_overflow_crystal_walls, minmay_split_cup_small
D:4:      portal_sewer_entry_e, first_bread

Skill      XL: |  1  2 |
---------------+-------+-----
Conjurations   | 2 |  2.2
Fire Magic     | 4 |  4.2
Dodging        | |  2.1
Stealth        | |  1.7
Spellcasting   | |  2.5

Action                   || total
-------------------------++-------
Melee: Unarmed           ||    17
       Club              ||     5
 Cast: Flame Tongue      ||    31
 Abil: Hop               ||     1
Evoke: Wand              ||     6
  Use: Potion            ||     3
Armor: Robe              ||     8
Dodge: Dodged            ||    35
